 Dungeon Crawl Stone Soup version 0.29-a0-757-g358383bc75 (webtiles) character file.

Game seed: 18312459557863338402

19108 porpoise the Spear-Bearer (level 12, -8/100 HPs)
             Began as a Merfolk Fighter on July 1, 2022.
             Was an Initiate of Yredelemnul.
             Mangled by a blink frog (14 damage)
             ... on level 1 of the Lair of Beasts.
             The game lasted 00:51:35 (13900 turns).

porpoise the Spear-Bearer (Merfolk Fighter)        Turns: 13900, Time: 00:51:36

Health: -8/100     AC: 11    Str: 16    XL:     12   Next: 65%
Magic:  12/12      EV: 18    Int: 13    God:    Yredelemnul [......]
Gold:   581        SH: 12    Dex: 15    Spells: 9/11 levels left

rFire   . . .      SeeInvis .   a - +3 trident (freeze)
rCold   . . .      Faith    .   c - +1 buckler
rNeg    . . .      Spirit   .   U - +0 ring mail {Will+}
rPois   +          Reflect  +   A - +0 helmet
rElec   .          Harm     .   d - scarf {+Inv}
rCorr   .          Rampage  .   u - +0 pair of gloves
Will    +++..                   P - +0 pair of boots {Fly}
Stlth   ++........              L - amulet "Tine" {Reflect +Blink Will+ Int+4 SH+5}
HPRegen 0.26/turn               s - +4 ring of evasion
MPRegen 0.13/turn               I - ring of willpower

@: flying
A: (nimble swimmer 2), mertail, poison resistance, weak 1
a: Renounce Religion, Evoke Blink, Evoke Invisibility, Recall Undead Harvest


You were on level 1 of the Lair of Beasts.
You worshipped Yredelemnul.
Yredelemnul was noncommittal.
You visited 3 branches of the dungeon, and saw 13 of its levels.
You also visited: Bailey.

You collected 1278 gold pieces.
You spent 697 gold pieces at shops.

Inventory:

Hand Weapons
 a - a +3 trident of freezing (weapon)
 b - a +2 sling of freezing
 w - a +3 trident of venom
 W - the +6 Majin-Bo {vamp, MP+6 Int+6}
   (You found it on level 10 of the Dungeon)

   It heals its wielder for a portion of the damage dealt when they wound a
   living foe with it or with a spell.
   Its wielder's spells cost health as well as magical power.
   Int:       It affects your intelligence (+6).
   MP:        It affects your magic capacity (+6).
Missiles
 n - 10 curare-tipped darts
 p - 5 silver boomerangs
 M - 7 datura-tipped darts (quivered)
 N - a throwing net
Armour
 c - a +1 buckler (worn)
 d - a scarf of invisibility (worn)
 u - a +0 pair of gloves (worn)
 A - a +0 helmet (worn)
 P - a +0 pair of boots of flying (worn)
 T - a +0 troll leather armour
 U - a +0 ring mail of willpower (worn)
 Z - a +2 robe of the Archmagi
Jewellery
 e - a +4 ring of protection
 g - a ring of magical power
 k - an amulet of regeneration
 s - a +4 ring of evasion (left hand)
 D - a ring of positive energy
 I - a ring of willpower (right hand)
 K - a ring of resist corrosion
 L - the amulet "Tine" (around neck) {Reflect +Blink Will+ Int+4 SH+5}
   (You found it in a bailey)

   [amulet of reflection]

   It reflects blocked missile attacks.
   Int:       It affects your intelligence (+4).
   +Blink:    It lets you blink.
   SH:        It affects your SH (+5).
   Will:      It increases your willpower.
 Y - a ring of protection from fire
Wands
 i - a wand of mindburst (7)
 m - a wand of flame (28)
 r - a wand of charming (15)
 y - a wand of quicksilver (10)
 C - a wand of iceblast (22)
 S - a wand of digging (1)
Scrolls
 j - 9 scrolls of enchant armour
 q - 2 scrolls of fog
 t - 4 scrolls of teleportation
 v - a scroll of immolation
 B - a scroll of magic mapping
 H - 9 scrolls of identify
 O - 2 scrolls of blinking
 Q - a scroll of poison
 R - a scroll of enchant weapon
 V - 2 scrolls of silence
Potions
 f - a potion of might
 h - 4 potions of lignification
 l - 2 potions of magic
 o - a potion of ambrosia
 x - 2 potions of resistance
 z - 2 potions of mutation
 E - 3 potions of heal wounds
 F - 3 potions of curing
 G - a potion of brilliance
 J - 2 potions of attraction
 X - a potion of invisibility


   Skills:
 + Level 11.5 Fighting
 - Level 14.0 Polearms
 * Level 8.4 Armour
 - Level 9.0 Dodging
 - Level 5.0 Stealth
 - Level 7.0 Shields
 - Level 5.0 Evocations


You had 9 spell levels left.
You knew the following spells:

 Your Spells              Type           Power      Damage    Failure   Level
a - Wereblood             Tmut           0%         N/A       69%         2

Your spell library contained the following spells:

 Spells                   Type           Power      Damage    Failure   Level
 Beastly Appendage        Tmut           0%         N/A       54%         1
 Magic Dart               Conj           0%         1d3       54%         1
 Searing Ray              Conj           0%         2d4       69%         2
 Conjure Flame            Conj/Fire      0%         6-21      89%         3
 Dazzling Flash           Conj/Hex       0%         N/A       89%         3
 Ignite Poison            Fire/Tmut/Pois 0%         N/A       89%         3
 Mephitic Cloud           Conj/Pois/Air  0%         N/A       89%         3
 Spider Form              Tmut/Pois      0%         N/A       89%         3
 Fulminant Prism          Conj/Hex       0%         3d6       100%        4
 Sticky Flame             Conj/Fire      0%         2d3       100%        4
 Agony                    Necr           0%         N/A       100%        5
 Borgnjor's Vile Clutch   Necr/Erth      0%         N/A       100%        5
 Fireball                 Conj/Fire      0%         3d3       100%        5
 Freezing Cloud           Conj/Ice/Air   0%         6-21      100%        5
 Silence                  Hex/Air        0%         N/A       100%        5
 Starburst                Conj/Fire      0%         6d3       100%        6
 Ignition                 Fire           0%         3d3       100%        8
 Animate Dead             Necr           Unusable   N/A       N/A         4
 Death Channel            Necr           Unusable   N/A       N/A         6

Dungeon Overview and Level Annotations

Branches:
Dungeon (11/15)            Temple (1/1) D:4            Lair (1/6) D:9
    Orc (0/2) D:9          Bailey (visited)

Altars:
Ashenzari
Cheibriados
Dithmenos
Elyvilon
Fedhas
Gozag
Hepliaklqana
Kikubaaqudgha
Makhleb
Nemelex Xobeh
Okawaru
Qazlal
Ru
Sif Muna
Trog
Uskayaw
Vehumet
Wu Jian
Xom
Yredelemnul
Zin
The Shining One

Shops:
D:7 *=*   D:8 *:   D:9 *

Annotations:
D:10 3 runed translucent doors, dolemite99's ghost, journeyman TrCK


Innate Abilities, Weirdness & Mutations

((You are very nimble when in or above water. (Stealth+, EV+, Speed+++)))
Your lower body shifts to a powerful aquatic tail in water.
Your system is resistant to poisons. (rPois)
You are weak. (Str -2)


Message History

The blink frog is severely wounded.
The blink frog blinks! x2
You puncture the blink frog!
The blink frog seems to slow down.
You freeze the blink frog.
You kill the blink frog!
You completely miss the blink frog.
The blink frog is no longer moving slowly.
The blink frog hits you!
* * * LOW HITPOINT WARNING * * *
You hit the blink frog.
The blink frog seems to slow down.
You freeze the blink frog.
The blink frog is lightly wounded.
The blink frog blinks!
You puncture the blink frog!
The blink frog seems to slow down.
You freeze the blink frog.
The blink frog is severely wounded.
You block the blink frog's attack. The blink frog hits you!
* * * LOW HITPOINT WARNING * * *
You puncture the blink frog! You freeze the blink frog.
You kill the blink frog!
The dead are hopping!
You block the blink frog's attack.
You hit the blink frog.
The blink frog seems to slow down.
You freeze the blink frog.
The blink frog is severely wounded.
You puncture the blink frog! You freeze the blink frog.
The blink frog is almost dead.
The blink frog is no longer moving slowly.
The blink frog hits you!
* * * LOW HITPOINT WARNING * * *
You closely miss the blink frog.
The blink frog is lightly wounded.
Your blink frog zombie barely misses the blink frog.
The blink frog completely misses you. You block the blink frog's attack.
Unknown command.
You puncture the blink frog! You freeze the blink frog.
The blink frog is heavily wounded.
The blink frog is no longer moving slowly.
The blink frog hits you!
You die...
Your body rises from the dead as a mindless zombie.

#.... #####'#.#
#..#.#+## ##......#
#.......# #.'.....+
#.......###.......#
#.......##..#.....#
#.......'..##.....#
#....Z.>#####.#+###
#.....F.# ##.
###+#.@## # #..F##
#####'####
#........#
#........#
#P........P..
##.......SF≈≈♣
#.......≈♣≈≈≈P
#!....≈≈≈♣≈SP.≈


You could see 2 blink frogs and a friendly blink frog zombie.

Vanquished Creatures
  An ogre mage (D:10)
  The ghost of tabacat the Thaumaturge, a journeyman DrCj of Vehumet (D:10)
  3 two-headed ogres
  A deep elf pyromancer (D:10)
  An ugly thing (D:7)
  An orc knight (D:10)
  A manticore (D:10)
  A cyclops (D:10)
  A guardian serpent (D:11)
  A gargoyle (D:10)
  A freezing wraith (D:9)
  2 kobold demonologists (D:10)
  An unseen horror zombie (D:10)
  4 trolls (D:10)
  A tengu conjurer (D:10)
  5 slime creatures
  A hornet (D:7)
  2 blink frogs (Lair:1)
  4 wraiths
  2 shadows
  2 yaks (D:10)
  A basilisk (D:9)
  Eustachio (D:4)
  A steam dragon (D:9)
  3 acid dragons
  8 vampire mosquitoes
  5 water moccasins
  4 sky beasts
  A black bear (D:4)
  7 orc warriors
  5 centaurs
  2 ogres
  7 kobold brigands
  2 bullfrogs
  5 scorpions
  2 necrophages
  12 wights
  6 killer bees
  A howler monkey (D:4)
  A centaur zombie (D:10)
  A quasit (D:6)
  A jelly (D:5)
  3 orc priests
  A gnoll shaman (D:6)
  5 hounds
  Ijyb (D:4)
  5 iguanas
  8 orc wizards
  10 gnolls
  12 adders
  2 shadow imps (D:6)
  2 white imps
  4 ufetubi (D:6)
  2 worms
  2 dart slugs
  36 orcs
  10 ball pythons
  6 endoplasms
  4 giant cockroaches
  17 goblins
  5 hobgoblins
  7 jackals
  22 kobolds
  8 quokkas
  6 bats
  3 frilled lizards
  5 rats
299 creatures vanquished.

Vanquished Creatures (collateral kills)
  A slime creature (D:11)
  A centaur (D:7)
  A white imp (D:7)
3 creatures vanquished.

Vanquished Creatures (others)
  A blink frog (Lair:1)
  A demonic plant (D:6)
  A fungus (Lair:1)
  43 plants (Lair:1)
46 creatures vanquished.

Grand Total: 348 creatures vanquished

Notes
Turn   | Place    | Note
-------+----------+-------------------------------------------
     0 | D:1      | porpoise the Merfolk Fighter began the quest for the Orb.
     0 | D:1      | Reached XP level 1. HP: 18/18 MP: 1/1
   118 | D:1      | Reached skill level 3 in Polearms
   202 | D:1      | Reached XP level 2. HP: 24/24 MP: 2/2
   402 | D:1      | Reached XP level 3. HP: 30/30 MP: 3/3
   800 | D:1      | Found a faded altar of an unknown god.
   806 | D:1      | Reached skill level 4 in Polearms
  1139 | D:2      | Found a shimmering blue altar of Sif Muna.
  1337 | D:2      | Reached XP level 4. HP: 38/38 MP: 4/4
  2223 | D:4      | Reached skill level 5 in Polearms
  2276 | D:4      | Noticed a scorpion
  2287 | D:4      | Reached XP level 5. HP: 43/43 MP: 5/5
  2301 | D:4      | Reached skill level 5 in Fighting
  2453 | D:4      | Reached skill level 6 in Polearms
  2453 | D:4      | Reached XP level 6. HP: 50/51 MP: 6/6
  2526 | D:4      | Noticed a black bear
  2551 | D:4      | Killed a black bear
  2613 | D:4      | Found a staircase to the Ecumenical Temple.
  2633 | Temple   | Entered the Ecumenical Temple
  2889 | D:4      | Reached skill level 7 in Polearms
  2889 | D:4      | Reached XP level 7. HP: 23/59 MP: 7/7
  3029 | D:4      | Noticed Ijyb
  3043 | D:4      | Killed Ijyb
  3215 | D:4      | Noticed Eustachio
  3228 | D:4      | Killed Eustachio
  3229 | D:4      | Reached skill level 8 in Polearms
  3433 | D:4      | Reached XP level 8. HP: 67/67 MP: 8/8
  3782 | D:5      | Entered Level 5 of the Dungeon
  3792 | D:5      | Reached skill level 9 in Polearms
  4031 | D:5      | Gained mutation: Your system is resistant to poisons.
                  | (rPois) [potion of mutation]
  4031 | D:5      | Gained mutation: You are weak. (Str -2) [potion of
                  | mutation]
  4124 | D:5      | Reached skill level 10 in Polearms
  4693 | D:6      | Reached skill level 5 in Shields
  4693 | D:6      | Reached XP level 9. HP: 72/72 MP: 9/9
  4730 | D:6      | Reached skill level 5 in Stealth
  4757 | D:6      | Reached XP level 10. HP: 79/79 MP: 10/10
  5631 | D:6      | Found a shimmering blue altar of Sif Muna.
  5818 | D:7      | Reached skill level 11 in Polearms
  5863 | D:7      | Found Ivotis's Assorted Antiques.
  5866 | D:7      | Bought a scroll labelled UHAUVU NULEIF for 22 gold pieces
  5866 | D:7      | Bought a glowing bone ring for 110 gold pieces
  5867 | D:7      | Bought 3 scrolls of identify for 132 gold pieces
  5889 | D:7      | Reached skill level 5 in Evocations
  6020 | D:7      | Found Latalig's General Store.
  6068 | D:7      | Found Duluh's Jewellery Shop.
  6142 | D:7      | Found a shimmering altar of Xom.
  6296 | D:7      | Found a flagged portal.
  6306 | Bailey   | Entered a bailey
  6493 | Bailey   | Identified the amulet "Tine" {Reflect +Blink Will+ Int+4
                  | SH+5}
  6852 | Bailey   | Found a bloodstained altar of Trog.
  7187 | D:7      | Found a hide-covered altar of Uskayaw.
  7347 | D:8      | Found Rualire's Self-Improvement Boutique.
  7430 | D:8      | Found Viologig's Assorted Antiques.
  7436 | D:8      | Bought a runed trident for 175 gold pieces
  7436 | D:8      | Bought a pair of glowing boots for 202 gold pieces
  7576 | D:8      | Found a burning altar of Makhleb.
  7784 | D:8      | Learned a level 2 spell: Wereblood
  8144 | D:9      | Found a staircase to the Orcish Mines.
  8165 | D:9      | Found a staircase to the Lair.
  8191 | D:9      | Found a snail-covered altar of Cheibriados.
  8471 | D:9      | Reached XP level 11. HP: 84/84 MP: 11/11
  8576 | D:9      | Noticed a two-headed ogre
  8597 | D:9      | Killed a two-headed ogre
  8598 | D:9      | Reached skill level 12 in Polearms
  8896 | D:9      | Found Muapookh's General Store.
  8900 | D:9      | Bought a potion of might for 56 gold pieces
  9106 | D:10     | Entered Level 10 of the Dungeon
  9146 | D:10     | Noticed a manticore
  9167 | D:10     | Killed a manticore
  9433 | D:10     | Noticed a white ugly thing
  9433 | D:10     | Noticed a deep elf pyromancer
  9434 | D:10     | Noticed an ogre mage
  9434 | D:10     | Found the +6 Majin-Bo {vamp, MP+6 Int+6}
  9434 | D:10     | Noticed a boulder beetle
  9472 | D:10     | Found a runed translucent door.
  9544 | D:10     | Killed a deep elf pyromancer
  9639 | D:10     | Noticed tabacat's ghost (journeyman DrCj)
 10133 | D:7      | Killed a white ugly thing
 10956 | D:10     | Reached skill level 13 in Polearms
 11077 | D:10     | Noticed a two-headed ogre
 11086 | D:10     | Killed a two-headed ogre
 11366 | D:10     | Noticed a cyclops
 11372 | D:10     | Killed a cyclops
 11487 | D:10     | Reached skill level 14 in Polearms
 11498 | D:10     | Reached skill level 10 in Fighting
 11498 | D:10     | Reached XP level 12. HP: 91/97 MP: 12/12
 11617 | D:10     | Killed tabacat's ghost
 12165 | D:10     | Killed an ogre mage
 12294 | D:10     | Noticed a two-headed ogre
 12305 | D:10     | Killed a two-headed ogre
 12702 | D:10     | Found an opulent altar of Gozag.
 12729 | D:10     | Found a runed translucent gate.
 12729 | D:10     | Found a runed translucent gate.
 12729 | D:10     | Found a runed translucent gate.
 12729 | D:10     | Noticed dolemite99's ghost (journeyman TrCK)
 12731 | D:10     | Found a basalt altar of Yredelemnul.
 12760 | D:10     | Became a worshipper of Yredelemnul the Dark
 13577 | D:11     | Reached * piety under Yredelemnul
 13582 | D:11     | Reached ** piety under Yredelemnul
 13785 | Lair:1   | Entered Level 1 of the Lair of Beasts
 13900 | Lair:1   | Mangled by a blink frog

Illustrated notes

Levels and vault maps discovered:
D:1:      onia_arrival_mini_maze_b, layout_basic,
          dreamdust_ecumenical_altar_statues
D:2:      kennysheep_big_flooded_room, layout_basic, basic_altar, serial_glass,
          glass_columns_b, glass_columns_b, minmay_fractal_squares_gapless_5
D:3:      layout_basic
D:4:      kennysheep_goblin_castle, layout_basic, minmay_temple_entry_offerings,
          amcnicky_mini_corridor_feature, grunt_ministairs_14, st_stairs_9,
          uniq_eustachio
D:5:      layout_cave_pools, kennysheep_generic_room_15
D:6:      layout_cave_pools, led_sif_pool, serial_demonic, serial_demonic_e,
          serial_demonic_d, serial_demonic_b, serial_demonic_e
D:7:      layout_gridville, mainiacjoe_overflow_24_doors,
          mainiacjoe_overflow_alcove_1, serial_shops, kennysheep_mini, shop,
          nicolae_diamond_shop, enter_bailey_5, enter_ossuary_3
D:8:      layout_rooms, mainiacjoe_overflow_brackets, serial_shops, shop,
          nicolae_shop_self_help
D:9:      layout_basic, cheibriados_altar_1, lair_entry_dummy, david_orc_2,
          serial_shops, shop
D:10:     minmay_the_grid_octo_triangle [minmay_the_grid_octo_focus,
          minmay_the_grid_octo_prize_ultimate_mussel_roller,
          minmay_the_grid_octo_pinwheel], layout_cave_pools,
          nicolae_gozag_cash_rules_everything_around_me,
          nicolae_yredelemnul_ghost_church, gammafunk_ghost_grave,
          kennysheep_kite_vault
D:11:     layout_small_grid, nrook_guardian_serpent_ordinary
Temple:   bh_familiar_temple
Lair:1:   layout_roguey, serial_forest, infiniplex_forest_straight_4,
          infiniplex_forest_lined_2, infiniplex_forest_clump_tiny,
          infiniplex_forest_end_1, infiniplex_forest_straight_1,
          infiniplex_forest_clump_long, infiniplex_forest_lined_3_way,
          infiniplex_forest_lined_corner, infiniplex_forest_diagonal,
          serial_bayou_lagoon_a, uniq_grum, uniq_fannar, uniq_nergalle

Skill      XL: |  1  2  3  4  5  6  7  8  9 10 11 12 |
---------------+-------------------------------------+-----
Polearms       | 3 4 5 6 7 8 10 11 14 | 14.0
Fighting       | 4 5 6 7 10 11 | 11.5
Armour         | 3 6 7 8 |  8.4
Dodging        | 7 9 |  9.0
Stealth        | 4 5 |  5.0
Shields        | 5 6 7 |  7.0
Evocations     | 4 5 |  5.0

Action                   |  1- 3 |  4- 6 |  7- 9 | 10-12 || total
-------------------------+-------+-------+-------+-------++-------
Melee: Trident           |   105 |   185 |   203 |   846 ||  1339
 Fire: Sling             |       |       |    21 |    23 ||    44
Throw: Dart              |       |       |       |     5 ||     5
 Abil: Evoke Blink       |       |       |       |     4 ||     4
Evoke: Wand              |       |       |       |     8 ||     8
  Use: Scroll            |       |    12 |     1 |    13 ||    26
       Potion            |       |       |     8 |     7 ||    15
 Stab: Sleeping          |       |       |       |     1 ||     1
Armor: Scale mail        |    29 |    58 |    59 |    61 ||   207
       Ring mail         |       |       |       |    61 ||    61
Dodge: Dodged            |    45 |    74 |   128 |   360 ||   607
Block: Buckler           |    21 |    35 |    61 |   358 ||   475
       Reflection        |       |       |       |    11 ||    11

Table legend: (Time is in decaauts)
 A = Elapsed time spent in this place.
 B = Non-inter-level travel time spent in this place.
 C = Inter-level travel time spent in this place.
 D = Time resting spent in this place.
 E = Time spent auto-exploring this place.
 F = Levels seen in this place.
 G = Mean time per level.
                   A        B        C        D        E       F      G
               +--------+--------+--------+--------+--------+-----+--------+
         Total |  13679 |  13235 |    444 |   4480 |   5785 |  14 |  977.1 |
       Dungeon |  12630 |  12212 |    418 |   3967 |   5551 |  11 | 1148.2 |
        Temple |    179 |    154 |     25 |      0 |    149 |   1 |  179.0 |
          Lair |    106 |    106 |      0 |      0 |     83 |   1 |  106.0 |
        Bailey |    762 |    762 |      0 |    513 |      2 |   1 |  762.0 |
               +--------+--------+--------+--------+--------+-----+--------+

Top non-repeatable levels by time:
    D:10: 2300 daAuts
     D:9: 2087 daAuts
     D:4: 1514 daAuts
     D:7: 1277 daAuts
     D:6: 1099 daAuts
     D:1: 1058 daAuts
    D:11: 793 daAuts
  Bailey: 762 daAuts
     D:5: 740 daAuts
     D:2: 617 daAuts
     D:8: 595 daAuts
     D:3: 547 daAuts
  Temple: 179 daAuts
  Lair:1: 106 daAuts
